Map: Dusk Towers

Players

LiquidSnute (Snute)

  • Race: Zerg Zerg
  • League: Grandmaster

MMA - Winner!

  • Race: Terran Terran

Event: Homestory Cup XII

VOD

Have the link to the VOD?

Description

Time

  • Played on: Dec. 18, 2015, 1:31 p.m.
  • Length: 7:30

All games in this series

Show
View Real Time Build Order
Export as new Build Order

LiquidSnute Zerg 

Build Orders: Hatch First, Roach Nydus 

Get SALT Encoding   

  12  0:00  Drone  
  13  0:12  Overlord  
  13  0:17  Drone  
  14  0:30  Drone x2  
  14  0:34  Drone  
  17  0:52  Hatchery  
  17  0:55  Drone  
  17  0:58  Drone  
  17  1:00  Extractor  
  17  1:12  Spawning Pool  
  17  1:16  Drone  
  17  1:19  Drone  
  18  1:28  Drone  
  19  1:38  Drone  
  20  1:49  Overlord  
  20  1:59  Queen  
  20  2:00  Metabolic Boost  
  22  2:04  Queen  
  22  2:05  Zergling x2  
  22  2:07  Zergling x2  
  26  2:10  Drone  
  26  2:15  Drone  
  28  2:21  Drone  
  29  2:25  Drone  
  30  2:31  Overlord  
  30  2:35  Queen  
  33  2:37  Drone  
  33  2:42  Drone  
  34  2:46  Drone  
  35  2:53  Drone  
  35  2:57  Drone  
  37  3:06  Drone x2  
  37  3:07  Drone x2  
  37  3:09  Drone  
  42  3:13  Overlord  
  42  3:14  Drone x2  
  42  3:18  Overlord  
  44  3:24  Overlord  
  44  3:25  Hatchery  
  43  3:28  Drone  
  43  3:31  Extractor  
  43  3:35  Drone  
  43  3:38  Drone  
  45  3:42  Lair  
  45  3:44  Drone x3, Extractor  
  45  3:45  Drone  
  45  3:46  Extractor  
  47  3:52  Drone  
  47  3:53  Drone x3  
  51  3:57  Drone  
  51  4:02  Drone, Roach Warren  
  52  4:09  Queen  
  52  4:12  Drone  
  55  4:23  Overlord  
  55  4:26  Overlord x3  
  55  4:39  Queen  
  55  4:40  Queen  
  55  4:44  Roach x3  
  65  4:46  Nydus Network, Roach  
  66  4:54  Roach x3  
  66  4:56  Roach  
  66  4:59  Roach  
  76  5:02  Glial Reconstitution  
  76  5:08  Roach  
  76  5:09  Roach x2  
  76  5:12  Roach  
  84  5:26  Nydus Canal  
  84  5:29  Roach  
  84  5:30  Roach x5  
  96  5:36  Overlord  
  96  5:37  Overlord  
  96  5:47  Nydus Canal  
  86  5:50  Roach x4  
  86  5:53  Ravager x2  
  86  5:56  Queen  
  94  6:00  Drone x3  
  94  6:02  Drone  
  98  6:07  Nydus Canal  
  98  6:08  Drone  
  99  6:12  Drone x3  
  99  6:16  Ravager x2  
  99  6:17  Drone  
  99  6:18  Drone  
  106  6:22  Drone x3  
  106  6:28  Drone x3  
  106  6:29  Drone  
  83  6:34  Drone  
  83  6:35  Drone x2  
  83  6:38  Extractor  
  83  6:39  Extractor  
  70  6:42  Evolution Chamber  
  70  6:43  Evolution Chamber  
  70  6:45  Drone x3  
  70  6:46  Infestation Pit  
  66  6:55  Roach  
  66  6:56  Roach x2  
  76  7:07  Roach x2  
  80  7:09  Drone  
  80  7:10  Drone  
Show
View Real Time Build Order
Export as new Build Order

MMA Terran - Winner!

Build Orders: Command Center First (CC), MMM Bio 

Get SALT Encoding   

  12  0:00  SCV  
  13  0:12  SCV  
  14  0:17  Supply Depot  
  14  0:24  SCV  
  15  0:39  SCV  
  16  0:51  SCV  
  17  0:58  Command Center  
  17  1:03  SCV  
  18  1:06  Refinery  
  18  1:15  SCV  
  19  1:20  Barracks  
  19  1:27  SCV  
  21  1:40  SCV  
  21  1:52  SCV  
  22  2:07  Marine, Orbital Command  
  22  2:08  Factory  
  23  2:10  Orbital Command  
  23  2:26  Barracks Reactor  
  23  2:32  SCV  
  23  2:37  Command Center, SCV  
  25  2:45  SCV  
  25  2:48  Barracks  
  25  2:49  SCV  
  27  2:53  Supply Depot  
  27  2:57  SCV  
  28  3:01  SCV  
  29  3:06  Hellion x2  
  29  3:08  Barracks Tech Lab  
  29  3:09  SCV  
  34  3:13  SCV  
  34  3:16  Refinery  
  35  3:21  SCV  
  35  3:25  SCV  
  35  3:26  Marine  
  35  3:27  Stimpack  
  38  3:33  SCV  
  39  3:37  SCV  
  44  3:44  Marine  
  44  3:45  SCV  
  42  3:48  Engineering Bay  
  42  3:49  SCV, Engineering Bay  
  42  3:51  Marine x2  
  42  3:53  Barracks  
  42  3:55  Orbital Command  
  45  3:58  SCV  
  45  4:01  SCV, Factory Reactor  
  47  4:04  Marine  
  47  4:09  Marine x2  
  50  4:10  SCV  
  50  4:13  SCV  
  50  4:15  Terran Infantry Weapons Level 1, Terran Infantry Armor Level 1  
  50  4:16  Refinery  
  52  4:22  Supply Depot, Marine  
  53  4:25  SCV  
  53  4:26  SCV, Marine  
  53  4:27  Marine  
  57  4:37  SCV  
  57  4:38  SCV  
  59  4:39  SCV  
  59  4:40  Marine  
  59  4:43  Starport, Factory Reactor  
  59  4:44  Marine x2  
  59  4:45  Refinery  
  63  4:47  Marine x2  
  63  4:49  SCV  
  63  4:50  SCV  
  67  4:54  Supply Depot  
  67  4:56  Supply Depot  
  67  4:57  Marine  
  68  5:03  SCV  
  68  5:06  Orbital Command  
  69  5:15  Marine x5  
  69  5:16  SCV x2, Barracks  
  69  5:17  Barracks  
  76  5:22  Armory  
  76  5:26  Supply Depot  
  76  5:27  Supply Depot  
  76  5:28  SCV  
  78  5:29  Combat Shields  
  78  5:30  Factory Reactor  
  78  5:34  Marauder  
  81  5:35  Marine x2  
  81  5:36  Marine x2  
  81  5:39  Medivac  
  85  5:44  Medivac  
  83  5:50  Supply Depot  
  83  5:52  SCV x3  
  83  5:55  Marauder, Marine x4  
  92  6:00  Supply Depot  
  92  6:02  Supply Depot  
  92  6:03  Orbital Command  
  92  6:06  SCV x2  
  94  6:13  Marine x4  
  94  6:14  Medivac x2  
  94  6:17  Marauder  
  101  6:31  Marine x4  
  88  6:33  SCV x3  
  88  6:36  Marine x2  
  88  6:37  Marine  
  89  6:43  Barracks  
  89  6:45  SCV, Barracks x2  
  90  6:49  Marine  
  90  6:54  Marine x2  
  92  6:55  Marine  
  92  6:57  Barracks Tech Lab  
  92  6:58  Barracks Reactor  
  96  7:08  SCV x2  
  100  7:09  SCV  
  100  7:10  Supply Depot  
Tags
 
Add a new tag
Caveats
  • Supply blocks, unpowered buildings, or Contaminate may cause inaccurate times.
  • Supply counts are checked every 10 seconds.